 Dungeon Crawl Stone Soup version 0.19.0-9-gfd783f2 (console) character file.

105 Morrissey the Charmwright (level 4, -7/30 HPs)
             Began as a High Elf Skald on Nov 7, 2016.
             Mangled by Crazy Yiuf
             ... wielding a +2 quarterstaff of chaos
              (13 damage)
             ... on level 3 of the Dungeon.
             The game lasted 00:04:06 (2429 turns).

Morrissey the Charmwright (High Elf Skald)          Turns: 2429, Time: 00:04:07

Health: -7/30      AC:  5    Str: 11    XL:     4   Next: 53%
Magic:  1/9        EV: 12    Int: 15    God:
Gold:   103        SH:  0    Dex: 16    Spells: 3 memorised, 2 levels left

rFire  . . .     SeeInvis +     b - +2 dagger (venom)
rCold  . . .     Gourm    .     h - +0 leather armour
rNeg   + . .     Faith    .     (no shield)
rPois  .         Spirit   .     s - +1 helmet {SInv}
rElec  .         Reflect  .     (no cloak)
rCorr  .         Harm     .     (no gloves)
MR     .....                    (no boots)
Stlth  +.........               (no amulet)
                                (no ring)
                                r - ring of positive energy

@: shrouded, infused, very slightly contaminated, slowed, very slow
A: no striking features
a: no special abilities


You were on level 3 of the Dungeon.
You were hungry.

You visited 1 branch of the dungeon, and saw 3 of its levels.

You collected 103 gold pieces.

Inventory:

Hand Weapons
 a - a +0 falchion
 b - a +2 dagger of venom (weapon)
Armour
 h - a +0 leather armour (worn)
 s - a +1 helmet of see invisible (worn)
Jewellery
 r - a ring of positive energy (left hand)
Wands
 j - a wand of paralysis (5/24)
 q - a wand of slowing (33/48)
Scrolls
 e - 2 scrolls of identify {unknown}
 g - a scroll of amnesia {unknown}
 k - a scroll of teleportation {unknown}
 m - a scroll of immolation {unknown}
 n - a scroll of fear {unknown}
Potions
 l - a potion of lignification {unknown}
 o - a potion of heal wounds {unknown}
Books
 c - a book of Battle

   Spells                             Type                      Level
   a - Infusion                       Charms                       1
   b - Shroud of Golubria             Charms/Translocation         2
   c - Song of Slaying                Charms                       2
   d - Spectral Weapon                Hexes/Charms                 3
   e - Regeneration                   Charms/Necromancy            3
Comestibles
 d - 3 bread rations
 f - 6 chunks of flesh
 i - 5 meat rations
 p - 2 fruits


   Skills:
 + Level 2.5 Fighting
 * Level 3.9 Long Blades
 - Level 0.8 Armour
 + Level 2.2 Dodging
 + Level 2.8 Spellcasting
 + Level 0.0 Hexes
 + Level 4.3 Charms


You had 2 spell levels left.
You knew the following spells:

 Your Spells              Type           Power        Failure   Level  Hunger
a - Infusion              Chrm           ###.         4%          1    #......
b - Shroud of Golubria    Chrm/Tloc      #.........   21%         2    ##.....
c - Spectral Weapon       Hex/Chrm       #.......     38%         3    ###....


Dungeon Overview and Level Annotations

Branches:
Dungeon (3/15)

Altars:
Ashenzari
Vehumet

Annotations:
D:2 exclusion: downstairs
D:3 Andry07's ghost, weakling MfSk; Crazy Yiuf


Message History

* * * LOW MAGIC WARNING * * *
You are feeling hungry.
Your shroud bends Crazy Yiuf's attack away.
* * * LOW MAGIC WARNING * * *
You hit Crazy Yiuf.
Crazy Yiuf is poisoned.
Crazy Yiuf is lightly wounded.
Crazy Yiuf misses you.
* * * LOW MAGIC WARNING * * *
You hit Crazy Yiuf.
Crazy Yiuf looks as sick as possible!
Crazy Yiuf is moderately wounded.
Crazy Yiuf hits you but does no damage.
You feel yourself slow down.
You hit Crazy Yiuf but do no damage.
Crazy Yiuf looks as sick as possible!
Crazy Yiuf is heavily wounded.
Crazy Yiuf hits you with a quarterstaff of chaos!!
Ouch! That really hurt!
* * * LOW HITPOINT WARNING * * *
Crazy Yiuf burns you.
* * * LOW HITPOINT WARNING * * *
Crazy Yiuf hits you with a quarterstaff of chaos!
You die...

###### #####
#..... #)..#
#..... #...#
#######.....
#.g.#
#....##.....
#@#
#....##.....
♣.♣♣
#....##...[<
♣♣.♣
#...........
♣.♣♣
#....##.###.
♣♣.♣
#....##.# ##
♣♣.♣♣
#.....#.####
♣♣...♣
#..(........
♣PP..♣
#.......###.
#....#
#...........


You could see Crazy Yiuf (berserk).

Vanquished Creatures
  4 adders
  3 leopard geckos
  2 giant cockroaches
  3 goblins
  7 hobgoblins
  14 kobolds
  A quokka (D:2)
  A ball python (D:2)
  7 bats
  2 frilled lizards (D:1)
  31 rats
75 creatures vanquished.

Notes
Turn   | Place    | Note
-------+----------+-------------------------------------------
     0 | D:1      | Morrissey the High Elf Skald began the quest for the Orb.
     0 | D:1      | Reached XP level 1. HP: 14/14 MP: 4/4
   444 | D:1      | Reached XP level 2. HP: 18/19 MP: 6/6
   651 | D:1      | Learned a level 2 spell: Shroud of Golubria
  1172 | D:2      | Reached XP level 3. HP: 23/24 MP: 7/7
  1179 | D:2      | Reached skill level 4 in Charms
  1949 | D:3      | Reached XP level 4. HP: 30/30 MP: 3/8
  2040 | D:3      | Learned a level 3 spell: Spectral Weapon
  2059 | D:3      | Found a radiant altar of Vehumet.
  2076 | D:3      | Noticed Andry07's ghost (weakling MfSk)
  2371 | D:3      | Found a shattered altar of Ashenzari.
  2405 | D:3      | Found a runed door.
  2422 | D:3      | Noticed Crazy Yiuf
  2429 | D:3      | Mangled by Crazy Yiuf

Skill      XL: |  1  2  3 |
---------------+----------+-----
Long Blades    | 3 |  3.9
Charms         | 4 |  4.3
Dodging        | 2 |  2.2
Fighting       | |  2.5
Armour         | |  0.8
Spellcasting   | |  2.8

Action                   |  1- 3 |  4- 6 || total
-------------------------+-------+-------++-------
Melee: Falchion          |    35 |       ||    35
       Dagger            |    82 |    46 ||   128
 Cast: Infusion          |    10 |     3 ||    13
       Shroud of Golubri |     2 |     3 ||     5
 Stab: Sleeping          |     2 |       ||     2
  Eat: Chunk             |     4 |     1 ||     5
Armor: Leather armour    |    23 |    17 ||    40
Dodge: Dodged            |    85 |    34 ||   119
       Rpst.: Falchion   |     6 |       ||     6
